General information
- name: BNet
- type: Ladder team game (AT/RT)
- host: Battle.net
- saver: BIGFATJAKERAT
map: Cherryville
- players: 8
- length: 38:24
- speed: Fast
- version: 1.27 W3XP
- replay type: Public
» download(213 KB)
Players
team 1 (winner)

»
buzzboyce (
green | 80 APM | 2241 actions | 27:52)
8 Blademaster
3 Wind Walk
2 Mirror Image
3 Critical Strike
» actions
| Assign group hotkey | 26 | |
| Build / train | 144 | |
| Enter build submenu | 33 | |
| Enter hero's abilities submenu | 10 | |
| Remove unit from queue | 18 | |
| Right click | 1060 | |
| Select / deselect | 629 | |
| Select group hotkey | 234 | |
| Use ability | 87 | |
2241 total
» units
| Peon | 12 | |
| Grunt | 21 | |
| Troll Headhunter/Berserker | 32 | |
| Troll Batrider | 12 | |
| Demolisher | 1 | |
| Wind Rider | 10 | |
88 total
» upgrades
| Pillage | 2 | |
| Melee Weapons | 2 | |
| Armor | 2 | |
| Ranged Weapons | 3 | |
| Troll Regeneration | 1 | |
| Liquid Fire | 1 | |
| Berserker Upgrade | 1 | |
12 total
» buildings
| Altar of Storms | 2 | |
| Orc Burrow | 18 | |
| Barracks | 3 | |
| War Mill | 3 | |
| Voodoo Lounge | 1 | |
| Stronghold | 2 | |
| Fortress | 2 | |
| Beastiary | 2 | |
| Spirit Lodge | 1 | |
34 total
» build order
00:20 Altar of Storms
00:25 Altar of Storms
00:35 Orc Burrow
00:40 Orc Burrow
00:51 Barracks
00:56 Barracks
01:50 Orc Burrow
02:01 Orc Burrow
02:06 Barracks
02:13 Orc Burrow
02:41 Orc Burrow
03:01 Orc Burrow
03:07 Orc Burrow
04:31 Orc Burrow
04:32 War Mill
04:36 War Mill
04:38 Orc Burrow
04:43 Voodoo Lounge
08:44 Stronghold
10:07 Stronghold
11:08 Fortress
11:13 Beastiary
11:19 Beastiary
11:22 Orc Burrow
13:31 Fortress
13:54 Orc Burrow
14:00 Spirit Lodge
16:00 Orc Burrow
17:22 Orc Burrow
17:22 Orc Burrow
18:29 Orc Burrow
18:33 Orc Burrow
18:33 Orc Burrow
21:39 War Mill
» items
| Healing Salve | 4 | |
| Scroll of Speed | 3 | |
| Lesser Clarity Potion | 2 | |
| Potion of Healing | 1 | |
10 total
RogerGoodBuddy (
teal | 51 APM | 1966 actions | 38:24)
8 Blademaster
3 Wind Walk
3 Critical Strike
1 Bladestorm
1 Mirror Image
» actions
| Assign group hotkey | 33 | |
| Basic commands | 111 | |
| Build / train | 98 | |
| Enter build submenu | 75 | |
| Enter hero's abilities submenu | 8 | |
| Give item / drop item | 17 | |
| Remove unit from queue | 2 | |
| Right click | 760 | |
| Select / deselect | 400 | |
| Select group hotkey | 269 | |
| Use ability | 193 | |
1966 total
» units
| Peon | 19 | |
| Grunt | 6 | |
| Goblin Shredder | 3 | |
| Goblin Zeppelin | 1 | |
| Goblin Sapper | 4 | |
| Troll Batrider | 3 | |
36 total
» upgrades
| Reinforced Defenses | 1 | |
| Ranged Weapons | 3 | |
| Armor | 3 | |
| Spiked Barricades | 3 | |
| Pillage | 1 | |
| Ensnare | 1 | |
| Envenomed Spears | 1 | |
| Liquid Fire | 1 | |
| Troll Regeneration | 1 | |
| Melee Weapons | 3 | |
| Burning Oil | 1 | |
| Berserker Upgrade | 1 | |
| Berserker Strength | 1 | |
| Witch Doctor Training | 2 | |
| Shaman Training | 2 | |
| Spirit Walker Training | 1 | |
| War Drums Damage Increase | 1 | |
27 total
» buildings
| Orc Burrow | 4 | |
| Altar of Storms | 1 | |
| Barracks | 1 | |
| Voodoo Lounge | 3 | |
| War Mill | 4 | |
| Great Hall | 3 | |
| Stronghold | 1 | |
| Watch Tower | 58 | |
| Fortress | 1 | |
| Beastiary | 4 | |
| Spirit Lodge | 2 | |
82 total
» build order
00:11 Orc Burrow
00:50 Altar of Storms
00:51 Barracks
01:09 Orc Burrow
01:51 Voodoo Lounge
02:21 War Mill
02:29 War Mill
03:41 Orc Burrow
04:41 Great Hall
05:21 Stronghold
05:57 Watch Tower
05:57 Watch Tower
06:00 Watch Tower
06:00 Watch Tower
06:25 Orc Burrow
06:52 Watch Tower
06:53 Watch Tower
06:56 Watch Tower
06:56 Watch Tower
07:07 Watch Tower
07:54 Fortress
07:58 Watch Tower
09:04 Watch Tower
09:05 Watch Tower
09:07 Watch Tower
09:07 Watch Tower
09:11 Watch Tower
09:14 Beastiary
09:17 Beastiary
09:21 Beastiary
09:54 Beastiary
10:59 War Mill
11:52 Great Hall
11:55 Watch Tower
11:56 Watch Tower
11:56 Watch Tower
12:22 Watch Tower
13:09 Watch Tower
13:09 Watch Tower
13:11 Watch Tower
13:11 Watch Tower
13:15 Watch Tower
13:16 Watch Tower
13:20 Voodoo Lounge
13:22 Watch Tower
13:23 Watch Tower
13:46 War Mill
14:02 Watch Tower
14:03 Watch Tower
14:07 Watch Tower
14:07 Watch Tower
14:19 Watch Tower
14:20 Watch Tower
14:34 Watch Tower
14:35 Watch Tower
14:52 Voodoo Lounge
14:55 Watch Tower
16:19 Watch Tower
16:20 Watch Tower
16:27 Watch Tower
16:28 Watch Tower
16:32 Watch Tower
16:37 Watch Tower
16:38 Watch Tower
16:41 Watch Tower
16:45 Watch Tower
16:46 Watch Tower
19:31 Great Hall
19:34 Watch Tower
19:35 Watch Tower
19:35 Watch Tower
19:37 Watch Tower
19:37 Watch Tower
19:37 Watch Tower
19:38 Watch Tower
19:39 Watch Tower
19:39 Watch Tower
19:58 Watch Tower
19:59 Watch Tower
19:59 Watch Tower
24:10 Spirit Lodge
24:12 Spirit Lodge
» items
| Healing Salve | 4 | |
| Tiny Great Hall | 1 | |
| Staff of Teleportation | 1 | |
| Orb of Lightning | 1 | |
| Mechanical Critter | 2 | |
| Potion of Healing | 4 | |
| Lesser Clarity Potion | 3 | |
| Potion of Mana | 2 | |
| Scroll of Town Portal | 2 | |
| Periapt of Vitality | 1 | |
21 total

»
ViewZ (
yellow | 33 APM | 1205 actions | 36:40)
5 Archmage
3 Summon Water Elemental
2 Brilliance Aura
» actions
| Assign group hotkey | 11 | |
| Basic commands | 1 | |
| Build / train | 75 | |
| Enter build submenu | 23 | |
| Enter hero's abilities submenu | 5 | |
| Right click | 650 | |
| Select / deselect | 320 | |
| Select group hotkey | 30 | |
| Use ability | 90 | |
1205 total
» units
| Peasant | 28 | |
| Rifleman | 13 | |
| Knight | 3 | |
| Peon | 3 | |
47 total
» upgrades
| Gunpowder | 2 | |
| Lumber Harvesting | 1 | |
| Long Rifles | 1 | |
| Animal War Training | 1 | |
5 total
» buildings
| Altar of Kings | 2 | |
| Farm | 12 | |
| Barracks | 2 | |
| Scout Tower | 14 | |
| Blacksmith | 1 | |
| Lumber Mill | 2 | |
| Arcane Tower | 4 | |
| Arcane Vault | 2 | |
| Keep | 1 | |
| Castle | 1 | |
41 total
» build order
00:07 Altar of Kings
00:08 Farm
00:14 Altar of Kings
00:50 Barracks
00:54 Farm
01:25 Scout Tower
01:59 Blacksmith
02:09 Lumber Mill
02:13 Arcane Tower
02:13 Arcane Tower
02:14 Arcane Tower
02:14 Arcane Tower
02:49 Barracks
04:11 Farm
04:16 Farm
04:17 Farm
04:18 Farm
04:59 Farm
04:59 Farm
05:21 Arcane Vault
07:31 Keep
10:31 Castle
13:21 Farm
13:22 Farm
13:22 Farm
13:23 Farm
15:40 Scout Tower
15:43 Scout Tower
15:44 Scout Tower
15:46 Scout Tower
15:47 Scout Tower
15:53 Scout Tower
15:54 Scout Tower
15:55 Scout Tower
15:56 Scout Tower
21:32 Scout Tower
21:33 Scout Tower
21:34 Scout Tower
21:35 Scout Tower
22:11 Arcane Vault
24:11 Lumber Mill
» items
| Scroll of Regeneration | 2 | |
| Scroll of Town Portal | 4 | |
| Ivory Tower | 5 | |
11 total
team 2 (loser)

»
ufck.you- (
orange | 44 APM | 401 actions | 09:10)
3 Far Seer
2 Feral Spirit
1 Chain Lighting
» actions
| Build / train | 27 | |
| Enter build submenu | 10 | |
| Enter hero's abilities submenu | 3 | |
| Right click | 187 | |
| Select / deselect | 141 | |
| Use ability | 33 | |
401 total
» units
» upgrades
» buildings
| Altar of Storms | 1 | |
| Orc Burrow | 3 | |
| Barracks | 1 | |
| Voodoo Lounge | 1 | |
| War Mill | 1 | |
| Watch Tower | 2 | |
| Stronghold | 1 | |
10 total
» build order
00:11 Altar of Storms
00:13 Orc Burrow
00:34 Barracks
01:47 Orc Burrow
02:45 Voodoo Lounge
03:35 War Mill
04:41 Orc Burrow
04:58 Watch Tower
05:23 Stronghold
06:14 Watch Tower
» items
| Dust of Appearance | 1 | |
| Lesser Clarity Potion | 2 | |
| Potion of Mana | 1 | |
| Potion of Healing | 1 | |
5 total

»
panic-attacker (
purple | 29 APM | 1041 actions | 35:24)
4 Demon Hunter
2 Mana Burn
2 Evasion
2 Keeper of the Grove
1 Entangling Roots
1 Force of Nature
» actions
| Assign group hotkey | 24 | |
| Basic commands | 3 | |
| Build / train | 73 | |
| Enter build submenu | 16 | |
| Enter hero's abilities submenu | 6 | |
| Give item / drop item | 2 | |
| Remove unit from queue | 5 | |
| Right click | 306 | |
| Select / deselect | 323 | |
| Select group hotkey | 212 | |
| Use ability | 71 | |
1041 total
» units
| Wisp | 22 | |
| Archer | 1 | |
| Huntress | 16 | |
| Dryad | 11 | |
| Hippogryph | 2 | |
52 total
» upgrades
| Nature's Blessing | 1 | |
| Abolish Magic | 1 | |
2 total
» buildings
| Altar of Elders | 1 | |
| Moon Well | 8 | |
| Ancient of War | 1 | |
| Hunter's Hall | 1 | |
| Ancient of Wonders | 1 | |
| Ancient Protector | 1 | |
| Tree of Ages | 1 | |
| Ancient of Lore | 2 | |
| Ancient of Wind | 1 | |
17 total
» build order
00:11 Altar of Elders
00:16 Moon Well
01:18 Ancient of War
01:29 Moon Well
02:05 Hunter's Hall
02:20 Ancient of Wonders
04:21 Moon Well
05:38 Moon Well
05:53 Ancient Protector
08:49 Moon Well
10:12 Moon Well
10:48 Tree of Ages
11:07 Moon Well
13:35 Ancient of Lore
13:40 Ancient of Lore
13:48 Ancient of Wind
13:57 Moon Well
» items
| Healing Salve | 1 | |
| Scroll of Speed | 1 | |
| Scroll of Town Portal | 1 | |
| Dust of Appearance | 1 | |
| Potion of Healing | 1 | |
5 total
SJW-IN-DA-HOUSE (
pink | 57 APM | 2183 actions | 38:24)
8 Far Seer
3 Feral Spirit
3 Chain Lighting
1 Earth Quake
1 Far Sight
» actions
| Assign group hotkey | 82 | |
| Basic commands | 45 | |
| Build / train | 75 | |
| Enter build submenu | 25 | |
| Enter hero's abilities submenu | 8 | |
| Give item / drop item | 6 | |
| Remove unit from queue | 3 | |
| Right click | 875 | |
| Select / deselect | 356 | |
| Select group hotkey | 510 | |
| Use ability | 198 | |
2183 total
» units
| Peon | 10 | |
| Wind Rider | 3 | |
| Goblin Shredder | 1 | |
| Raider | 3 | |
| Troll Batrider | 3 | |
| Goblin Sapper | 4 | |
24 total
» upgrades
| Reinforced Defenses | 1 | |
| Envenomed Spears | 1 | |
| Ensnare | 1 | |
| Armor | 3 | |
| Melee Weapons | 2 | |
| Liquid Fire | 1 | |
| Ranged Weapons | 2 | |
11 total
» buildings
| Altar of Storms | 1 | |
| Orc Burrow | 4 | |
| War Mill | 1 | |
| Voodoo Lounge | 2 | |
| Stronghold | 1 | |
| Watch Tower | 27 | |
| Beastiary | 2 | |
| Fortress | 2 | |
| Great Hall | 1 | |
41 total
» build order
00:07 Altar of Storms
00:20 Orc Burrow
01:03 War Mill
01:19 Voodoo Lounge
02:25 Stronghold
02:31 Watch Tower
02:51 Watch Tower
03:55 Watch Tower
03:56 Watch Tower
04:00 Watch Tower
04:17 Orc Burrow
04:35 Orc Burrow
04:54 Beastiary
05:43 Beastiary
06:36 Fortress
06:36 Fortress
06:42 Orc Burrow
11:00 Great Hall
11:02 Watch Tower
11:03 Watch Tower
11:03 Watch Tower
11:20 Watch Tower
12:39 Watch Tower
12:40 Watch Tower
12:40 Watch Tower
13:22 Watch Tower
13:39 Watch Tower
13:40 Watch Tower
13:46 Watch Tower
13:46 Watch Tower
13:46 Watch Tower
14:57 Watch Tower
16:32 Watch Tower
16:32 Watch Tower
16:33 Watch Tower
16:34 Watch Tower
18:27 Watch Tower
18:27 Watch Tower
18:28 Watch Tower
18:28 Watch Tower
25:36 Voodoo Lounge
» items
| Healing Salve | 3 | |
| Lesser Clarity Potion | 4 | |
| Staff of Teleportation | 1 | |
| Potion of Healing | 3 | |
| Scroll of Town Portal | 6 | |
| Potion of Mana | 2 | |
| Potion of Invisibility | 3 | |
| Potion of Lesser Invulnerability | 2 | |
24 total
BIGFATJAKERAT (
red | 97 APM | 3719 actions | 38:24)
7 Paladin
3 Holy Light
2 Divine Shield
1 Resurrection
1 Devotion Aura
6 Mountain King
3 Storm Bolt
2 Bash
1 Avatar
» actions
| Assign group hotkey | 110 | |
| Basic commands | 146 | |
| Build / train | 217 | |
| ESC pressed | 8 | |
| Enter build submenu | 49 | |
| Enter hero's abilities submenu | 13 | |
| Give item / drop item | 10 | |
| Right click | 1121 | |
| Select / deselect | 491 | |
| Select group hotkey | 1367 | |
| Use ability | 186 | |
3719 total
» units
| Peasant | 12 | |
| Footman | 5 | |
| Goblin Shredder | 5 | |
| Rifleman | 5 | |
| Priest | 4 | |
| Sorceress | 3 | |
| Knight | 3 | |
| Mortar Team | 1 | |
38 total
» upgrades
| Masonry | 3 | |
| Swords | 3 | |
| Gunpowder | 3 | |
| Long Rifles | 1 | |
| Priest Training | 2 | |
| Sorceress Training | 2 | |
| Armor | 3 | |
| Animal War Training | 1 | |
| Magic Sentry | 1 | |
| Plating | 3 | |
| Fragmentation Shards | 1 | |
| Barrage | 1 | |
| Flak Cannons | 1 | |
| Flying Machine Bombs | 1 | |
| Flare | 1 | |
| Lumber Harvesting | 1 | |
| Defend | 1 | |
| Control Magic | 1 | |
| Backpack | 1 | |
31 total
» buildings
| Altar of Kings | 1 | |
| Barracks | 3 | |
| Farm | 11 | |
| Arcane Vault | 1 | |
| Lumber Mill | 1 | |
| Town Hall | 3 | |
| Scout Tower | 25 | |
| Arcane Tower | 7 | |
| Keep | 2 | |
| Blacksmith | 1 | |
| Guard Tower | 52 | |
| Castle | 4 | |
| Arcane Sanctum | 2 | |
| Workshop | 2 | |
| Cannon Tower | 5 | |
120 total
» build order
00:52 Altar of Kings
00:54 Barracks
00:57 Farm
01:04 Farm
01:10 Farm
02:02 Arcane Vault
02:13 Lumber Mill
02:34 Farm
03:27 Farm
04:06 Town Hall
04:12 Scout Tower
04:16 Scout Tower
04:40 Arcane Tower
04:40 Arcane Tower
05:32 Keep
05:32 Keep
05:45 Arcane Tower
05:45 Arcane Tower
06:00 Blacksmith
06:28 Scout Tower
06:30 Scout Tower
06:35 Scout Tower
06:35 Scout Tower
06:36 Scout Tower
06:37 Scout Tower
06:37 Scout Tower
06:58 Guard Tower
07:33 Guard Tower
07:34 Guard Tower
07:37 Guard Tower
08:53 Castle
08:53 Castle
08:53 Castle
09:08 Arcane Sanctum
09:14 Barracks
09:24 Arcane Sanctum
09:35 Barracks
10:00 Guard Tower
10:00 Guard Tower
10:00 Guard Tower
10:04 Guard Tower
10:04 Guard Tower
10:04 Guard Tower
10:08 Guard Tower
10:16 Scout Tower
10:17 Scout Tower
10:46 Guard Tower
10:47 Guard Tower
10:47 Guard Tower
10:48 Guard Tower
10:48 Guard Tower
10:49 Guard Tower
11:02 Guard Tower
11:02 Guard Tower
11:02 Guard Tower
11:06 Guard Tower
11:06 Guard Tower
11:07 Guard Tower
11:50 Farm
11:51 Farm
11:52 Farm
13:40 Farm
15:06 Farm
15:56 Farm
17:10 Town Hall
17:11 Scout Tower
17:12 Scout Tower
17:12 Scout Tower
17:13 Scout Tower
17:18 Scout Tower
17:18 Scout Tower
17:19 Scout Tower
17:20 Scout Tower
17:22 Scout Tower
17:54 Guard Tower
18:10 Guard Tower
18:10 Guard Tower
18:10 Guard Tower
18:11 Guard Tower
18:14 Guard Tower
18:14 Guard Tower
18:15 Guard Tower
18:16 Guard Tower
18:16 Guard Tower
18:24 Workshop
18:26 Workshop
18:59 Guard Tower
19:00 Guard Tower
19:29 Cannon Tower
19:29 Cannon Tower
19:30 Guard Tower
26:43 Town Hall
26:45 Scout Tower
26:45 Scout Tower
26:46 Scout Tower
26:47 Scout Tower
26:48 Scout Tower
27:28 Guard Tower
27:30 Guard Tower
27:31 Arcane Tower
27:33 Guard Tower
27:48 Cannon Tower
27:48 Cannon Tower
» items
| Scroll of Regeneration | 4 | |
| Mechanical Critter | 4 | |
| Boots of Speed | 3 | |
| Lesser Clarity Potion | 2 | |
| Ivory Tower | 10 | |
| Staff of Sanctuary | 1 | |
| Circlet of Nobility | 2 | |
| Periapt of Vitality | 1 | |
| Scroll of Protection | 2 | |
| Potion of Mana | 1 | |
| Orb of Lightning | 1 | |
| Scroll of Town Portal | 1 | |
| Staff of Teleportation | 1 | |
| Tiny Great Hall | 1 | |
34 total
Chat log
(00:24 / Allies) panic-attacker: they will rush us
(00:37 / Allies) ufck.you-: mass units
(00:46 / Allies) ufck.you-: mass units
(00:54 / Allies) panic-attacker: hunts
(01:01 / Allies) ufck.you-: far seer
(03:38 / Allies) panic-attacker: help
(03:42 / Allies) BIGFATJAKERAT: noob
(03:48 / Allies) BIGFATJAKERAT: it's 2 heroes
(03:57 / Allies) BIGFATJAKERAT: first day playing, scrub?
(04:26 / Allies) panic-attacker: ty
(05:18 / Allies) BIGFATJAKERAT: ty
(06:48 / Allies) ufck.you-: tp to me noobies
(07:57 / Allies) panic-attacker: burrow
(08:07 / Allies) panic-attacker: help
(08:08 / Allies) panic-attacker: all
(08:47 / Allies) ufck.you-: red fuck you
(08:50 / Allies) BIGFATJAKERAT: look at this noob trash
(09:03 / Allies) panic-attacker: help him
(09:05 / Allies) ufck.you-: u fucking expo
(09:57 / Allies) panic-attacker: stay or go ?
(10:02 / Allies) SJW-IN-DA-HOUSE: stay
(10:23 / Allies) panic-attacker: i guess but we lose lol
(11:26 / Allies) SJW-IN-DA-HOUSE: go puprle
(11:37 / Allies) panic-attacker: not enough units
(13:20 / Allies) panic-attacker: back
(14:14 / Allies) panic-attacker: botton
(14:19 / Allies) SJW-IN-DA-HOUSE: pt
(14:24 / Allies) panic-attacker: brt
(18:19 / Allies) panic-attacker: heads up
(18:23 / Allies) panic-attacker: mass air
(21:08 / Allies) panic-attacker: wanna hit em ?
(21:10 / Allies) BIGFATJAKERAT: yeh
(21:44 / All) RogerGoodBuddy: purple is good lol
(21:50 / All) RogerGoodBuddy: nice detonate instead of repair
(22:10 / All) SJW-IN-DA-HOUSE: just be hones tu hack yellow
(22:20 / All) ViewZ: wtf? lol
(23:39 / Allies) panic-attacker: whats our next move ?
(23:43 / Allies) panic-attacker: kill goldmines ?
(23:50 / Allies) panic-attacker: okay
(24:59 / Allies) panic-attacker: should prolly kill golmdines
(25:08 / Allies) BIGFATJAKERAT: nah teal sucks don't worry about it
(25:09 / Allies) panic-attacker: tp ?
(25:14 / All) SJW-IN-DA-HOUSE: plz kill my base
(26:27 / Allies) panic-attacker: well there goes our aa
(26:29 / Allies) panic-attacker: lol
(26:46 / Allies) panic-attacker: its this last fucker
(26:49 / Allies) panic-attacker: thats running us
(26:56 / Allies) panic-attacker: roger good buddty'
(26:58 / Allies) panic-attacker: lol
(27:02 / All) buzzboyce: teal as 17k and wont get a fucking unit nor share
(27:09 / All) SJW-IN-DA-HOUSE: i got 7k red has 20k
(27:17 / All) RogerGoodBuddy: rod
(27:43 / All) panic-attacker: fucking hacker
(27:56 / All) panic-attacker: we see u
(29:11 / All) panic-attacker: hack mnore
(29:18 / All) panic-attacker: hack more homie
(29:19 / All) RogerGoodBuddy: lol
(29:21 / All) panic-attacker: u wont win
(29:23 / All) RogerGoodBuddy: what hack
(29:27 / All) RogerGoodBuddy: I might
(29:29 / All) SJW-IN-DA-HOUSE: teal, we have 3 armies
(29:33 / All) SJW-IN-DA-HOUSE: u have none
(29:40 / All) panic-attacker: hes got bm! :O
(29:50 / All) panic-attacker: wooooo
(29:53 / All) SJW-IN-DA-HOUSE: see teal hacks knwere wmy fs was
(30:00 / All) RogerGoodBuddy: lawl
(30:02 / All) panic-attacker: goodjob homie u got my last guy
(30:11 / All) panic-attacker: with hacks
(30:18 / All) panic-attacker: feel proud yet ?
(30:25 / All) panic-attacker: u a reall big epeen brah
(30:30 / All) panic-attacker: :p
(30:37 / All) RogerGoodBuddy: did you feel violated purple?
(30:40 / All) RogerGoodBuddy: is that why you lash out at me?
(30:41 / All) panic-attacker: big blademaster cock
(30:45 / All) panic-attacker: i luv it
(30:50 / All) panic-attacker: i feel u hacked
(30:52 / All) panic-attacker: to win
(30:55 / All) panic-attacker: and theres no pride in that
(30:56 / All) RogerGoodBuddy: did it remind you of when your gay dad raped you?
(31:02 / All) panic-attacker: yes while u hacked
(31:08 / All) panic-attacker: hacked the fairness of a game
(31:20 / All) BIGFATJAKERAT: Alright purp and yellow listen up
(31:30 / All) BIGFATJAKERAT: Teal, me and pink were in this together we're going to kill everything including our own units
(31:36 / All) BIGFATJAKERAT: and put you both in a mexican standoff against each other
(31:39 / All) BIGFATJAKERAT: sound fair?
(31:46 / All) BIGFATJAKERAT: will you leave your pcs on all night for the win?
(31:49 / All) panic-attacker: lol i dont got no units left
(31:54 / All) BIGFATJAKERAT: Yes I said
(31:56 / All) BIGFATJAKERAT: mexican standoff
(31:59 / All) RogerGoodBuddy: corey in the house worst show ever?
(32:00 / All) BIGFATJAKERAT: neither side will have a way to kill the other
(32:15 / All) panic-attacker: id like to play anothe r game personally
(32:18 / All) BIGFATJAKERAT: so will you leave your pc on all night for the win purp?
(32:24 / All) BIGFATJAKERAT: If not then leave
(32:24 / All) panic-attacker: no i would like top lay another agame
(32:28 / All) BIGFATJAKERAT: out with you then
(32:38 / All) BIGFATJAKERAT: we'll just give you the loss if you won't play our game
(32:49 / All) BIGFATJAKERAT: see? killing my stuff
(32:56 / All) BIGFATJAKERAT: and pink's dying too, leave and you get a tie, stay and you get a loss
(33:05 / All) panic-attacker: yeah bc thats more fun than a regular game ?
(33:15 / All) panic-attacker: theres no tie u get loss
(33:25 / All) BIGFATJAKERAT: If you want to play another game then leave
(33:27 / All) BIGFATJAKERAT: This one is finished
(33:52 / All) SJW-IN-DA-HOUSE: no yellow u dont hack
(33:59 / All) SJW-IN-DA-HOUSE: u hi tmy base at perfect time tho
(34:12 / All) BIGFATJAKERAT: Purp
(34:20 / All) BIGFATJAKERAT: You leave now and get a tie or stay and get a loss
(34:27 / All) BIGFATJAKERAT: if you want to search another game then leave this one
(34:49 / All) SJW-IN-DA-HOUSE: LUV TAP TIME
(35:26 / All) BIGFATJAKERAT: nice
(35:55 / All) SJW-IN-DA-HOUSE: WE GONNa play anothe rone after this ?
(36:18 / All) BIGFATJAKERAT: I might if you both want to
(36:44 / All) BIGFATJAKERAT: SWEET
(37:22 / All) BIGFATJAKERAT: who lose
(37:24 / All) BIGFATJAKERAT: bob's team is 3 legit
(37:26 / All) RogerGoodBuddy: oh
(37:31 / All) BIGFATJAKERAT: 4-1 orange
(37:32 / All) RogerGoodBuddy: stats
(37:38 / All) BIGFATJAKERAT: Purp 70-69
(37:47 / All) RogerGoodBuddy: I have 2 legit really
(37:50 / All) RogerGoodBuddy: both suck
(37:53 / All) RogerGoodBuddy: blue tker
(38:00 / All) BIGFATJAKERAT: yel 144-159
(38:02 / All) RogerGoodBuddy: blue 0-0
(38:08 / All) RogerGoodBuddy: I say purple
(38:09 / All) BIGFATJAKERAT: 76-73 green
(38:17 / All) BIGFATJAKERAT: Orange is 4-1 he lose